 Dungeon Crawl Stone Soup version 0.28.0-53-g5a82cb258f (webtiles) character file.

Game seed: 14616845613255315209

158 issech the Chopper (level 5, -1/47 HPs)
             Began as a Minotaur Monk on June 19, 2022.
             Slain by an orc wizard
             ... wielding a +0 dagger
              (3 damage)
             ... on level 4 of the Dungeon.
             The game lasted 00:07:52 (2832 turns).

issech the Chopper (Minotaur Monk)                  Turns: 2832, Time: 00:07:52

Health: -1/47      AC:  7    Str: 21    XL:     5   Next: 16%
Magic:  4/4        EV: 11    Int:  7    God:
Gold:   117        SH:  0    Dex: 15    Spells: 4/4 levels left

rFire   . . .      SeeInvis .   a - +0 hand axe
rCold   . . .      Faith    .   (no shield)
rNeg    . . .      Spirit   .   n - +0 scale mail
rPois   .          Reflect  .   (helmet restricted)
rElec   .          Harm     .   (no cloak)
rCorr   .          Rampage  .   (no gloves)
Will    .....                   d - +0 pair of boots
Stlth   +.........              (no amulet)
HPRegen 0.15/turn               s - +6 ring of strength
MPRegen 0.09/turn               (no ring)

@: no status effects
A: horns 2, retaliatory headbutt
a: no special abilities


You were on level 4 of the Dungeon.
You visited 1 branch of the dungeon, and saw 4 of its levels.

You collected 117 gold pieces.

Inventory:

Hand Weapons
 a - a +0 hand axe (weapon)
 o - a +0 mace
Missiles
 e - 20 arrows
 m - 14 sling bullets
 p - 45 stones (quivered)
 q - 2 poisoned darts
Armour
 d - a +0 pair of boots (worn)
 i - an orb of wrath
 n - a +0 scale mail (worn)
Jewellery
 s - a +6 ring of strength (left hand)
Scrolls
 c - 3 scrolls of identify
 h - a scroll of enchant weapon
 k - a scroll of enchant armour
 l - a scroll of teleportation
Potions
 f - 3 potions of might {unknown}
 g - 4 potions of heal wounds {unknown}
 j - a potion of flight {unknown}


   Skills:
 + Level 4.8 Fighting
 + Level 5.2 Axes
 + Level 0.1 Armour
 + Level 4.3 Dodging
 + Level 2.1 Stealth


You had 4 spell levels left.
You didn't know any spells.
Your spell library contained the following spells:

 Spells                   Type           Power      Damage    Failure   Level
 Ensorcelled Hibernation  Hex/Ice        0%         N/A       90%         2
 Passwall                 Tmut/Erth      0%         N/A       90%         2
 Swiftness                Air            0%         N/A       99%         3


Dungeon Overview and Level Annotations

Branches:
Dungeon (4/15)
 Temple: D:4-7

Altars:

Shops:
D:3 [


Innate Abilities, Weirdness & Mutations

You have a pair of horns on your head.
You reflexively headbutt those who attack you in melee.


Message History

A puff of flame appears from out of thin air!
The puff of flame hits you!
* * * LOW HITPOINT WARNING * * *
Unknown command.
You bump into the closed door.
Something hits you.
* * * LOW HITPOINT WARNING * * *
You closely miss something. Your headbutt misses something.
You feel less confused.
You hear some strange, mumbled words.
You are confused.
You hear some strange, mumbled words.
A magic dart appears from out of thin air!
The magic dart hits you.
* * * LOW HITPOINT WARNING * * *
You closely miss something. Your headbutt misses something.
You hear some strange, mumbled words.
You are more confused.
You miss something.
You hear some strange, mumbled words.
A puff of flame appears from out of thin air!
The puff of flame hits you.
* * * LOW HITPOINT WARNING * * *
You completely miss something. Your punch misses something.
You hear some strange, mumbled words.
A puff of flame appears from out of thin air!
The puff of flame hits you.
* * * LOW HITPOINT WARNING * * *
Something hits you but does no damage.
Unknown command.
You hear some strange, mumbled words.
Something tries to affect you, but you resist.
Something hits you but does no damage.
You see here a lumpy grey potion.
You bump into the rock wall.
You feel less confused. Something hits you but does no damage.
Unknown command.
You closely miss something. Something hits you but does no damage.
You miss something. Something hits you.
You die...

#....###+#....#
.##.#.......#####
.........<.......
[...##...†..######
....##).))!.#
............+
....##......# ...
#...{..# ..
#...@..# #.######
#. #. .. .


There were no monsters in sight!

Vanquished Creatures
  A hound (D:2)
  Terence (D:2)
  4 adders
  A worm (D:2)
  A dart slug (D:2)
  5 orcs
  6 ball pythons
  4 endoplasms
  A giant cockroach (D:4)
  5 goblins
  4 hobgoblins
  3 kobolds
  3 quokkas (D:1)
  9 bats
  3 frilled lizards
  8 rats
59 creatures vanquished.

Vanquished Creatures (others)
  8 plants (D:2)
8 creatures vanquished.

Grand Total: 67 creatures vanquished

Notes
Turn   | Place    | Note
-------+----------+-------------------------------------------
     0 | D:1      | issech the Minotaur Monk began the quest for the Orb.
     0 | D:1      | Reached XP level 1. HP: 19/19 MP: 0/0
   121 | D:1      | Reached XP level 2. HP: 27/27 MP: 1/1
   283 | D:1      | Reached skill level 4 in Axes
  1018 | D:2      | Reached XP level 3. HP: 33/33 MP: 2/2
  1109 | D:2      | Noticed Terence
  1126 | D:2      | Killed Terence
  1127 | D:2      | Reached XP level 4. HP: 9/41 MP: 3/3
  1707 | D:2      | Reached skill level 5 in Axes
  2119 | D:3      | Reached XP level 5. HP: 36/47 MP: 4/4
  2383 | D:3      | Found a faded altar of an unknown god.
  2652 | D:3      | Found Rabeotz's Antique Armour Emporium.
  2824 | D:4      | HP: 1/47 [something/puff of flame (3)]
  2832 | D:4      | Slain by an orc wizard

Illustrated notes

Levels and vault maps discovered:
D:1:      wheals_arrival_linesprint, layout_loops_ring,
          corexii_leaking_fountain, minmay_bisected
D:2:      cheibrodos_old_hovel, layout_loops_ring, uniq_terence
D:3:      layout_basic, dreamdust_ecumenical_altar_angels_and_demons,
          serial_shops, nicolae_shop_advertising_works
          [nicolae_subvault_shop_adworks], minmay_crystal_water
D:4:      layout_basic, mainiacjoe_overflow_boulevard, lemuel_crystal_altar,
          minmay_misc_feat_iff, lemuel_old_faithful

Skill      XL: |  1  2  3  4 |
---------------+-------------+-----
Fighting       | 4 |  4.8
Axes           | 4 5 |  5.2
Dodging        | 4 |  4.3
Stealth        | 2 |  2.1
Armour         | |  0.1

Action                   |  1- 3 |  4- 6 || total
-------------------------+-------+-------++-------
Melee: Hand axe          |    65 |    89 ||   154
       Headbutt          |    10 |    11 ||    21
  Use: Scroll            |       |     3 ||     3
 Stab: Sleeping          |     3 |       ||     3
       Distracted        |       |     1 ||     1
Armor: Robe              |    21 |       ||    21
       Scale mail        |       |    50 ||    50
Dodge: Dodged            |    42 |    48 ||    90
